 Dungeon Crawl Stone Soup version 0.23-a0-444-g76343ca (webtiles) character file.

12952 HungryMoth the Thaumaturge (level 11, -5/74 HPs)
             Began as a Purple Draconian Earth Elementalist on Nov 16, 2018.
             Was a Priest of Fedhas.
             Engulfed by a cloud of flame (28 damage)
             ... in a volcano on Nov 17, 2018.
             The game lasted 02:13:39 (11888 turns).

HungryMoth the Thaumaturge (DrEE)                  Turns: 11888, Time: 02:13:40

Health: -5/74      AC:  9    Str: 11    XL:     11   Next: 69%
Magic:  8/25       EV: 12    Int: 20    God:    Fedhas [***...]
Gold:   626        SH:  0    Dex: 12    Spells: 16/31 levels left

rFire    . . .     SeeInvis .   D - +3 rapier (venom)
rCold    . . .     Gourm    .   (no shield)
rNeg     . . .     Faith    .   (armour unavailable)
rPois    +         Spirit   .   e - +1 hat
rElec    .         Reflect  .   F - +0 cloak
rCorr    .         Harm     .   (no gloves)
MR       +....                  (no boots)
Stlth    ++........             (no amulet)
HPRegen  0.22/turn              C - +2 ring of intelligence
MPRegen  0.19/turn              R - ring of poison resistance

@: studying Maces & Flails
A: breathe power, unfitting armour, cold-blooded, AC +7
a: Breathe Dispelling Energy, Fungal Bloom, Sunlight, Evolution, Growth,
Renounce Religion


You were in a volcano.
You worshipped Fedhas.
Fedhas was most pleased with you.
You were very hungry.

You visited 3 branches of the dungeon, and saw 12 of its levels.
You also visited: Volcano.

You collected 626 gold pieces.

Inventory:

Hand Weapons
 a - a +0 dagger
 d - a +0 spear
 j - a +0 short sword
 p - a +5 flail of holy wrath
 t - a +0 falchion
 u - a +0 whip of venom
 D - a +3 rapier of venom (weapon)
 H - a +2 quarterstaff of speed
 P - a +4 vampiric rapier
Missiles
 y - 114 stones (quivered)
 N - 147 arrows
Armour
 e - a +1 hat (worn)
 F - a +0 cloak (worn)
 O - a +0 hat of magic resistance
Jewellery
 r - an uncursed ring of resist corrosion
 s - an uncursed ring of protection from magic
 w - an uncursed amulet of guardian spirit
 C - a +2 ring of intelligence (left hand)
 I - an uncursed ring of protection from cold
 R - a ring of poison resistance (right hand)
Wands
 v - a wand of scattershot (6)
 z - a wand of flame (35)
 K - a wand of polymorph (10)
 L - a wand of clouds (6)
 T - a wand of random effects (14)
 V - a wand of iceblast (10)
Scrolls
 m - 4 scrolls of remove curse
 n - 7 scrolls of teleportation
 o - a scroll of immolation {unknown}
 q - a scroll of magic mapping
 x - a scroll of enchant weapon {unknown}
 G - a scroll of silence {unknown}
 M - a scroll of amnesia
 Q - a scroll of torment {unknown}
 S - a scroll of fear {unknown}
 U - a scroll of random uselessness {unknown}
Potions
 b - 5 potions of heal wounds
 f - 4 potions of degeneration {unknown}
 g - 2 potions of magic
 h - 5 potions of lignification
 i - 3 potions of invisibility
 k - a potion of agility {unknown}
 A - 4 potions of curing
 B - 3 potions of flight
 E - a potion of might
Books
 J - a manual of Maces & Flails
Comestibles
 c - 11 rations


   Skills:
 - Level 1.7 Dodging
 - Level 1.7 Stealth
 + Level 10.8 Spellcasting
 * Level 7.9 Conjurations
 * Level 7.6 Transmutations
 + Level 10.6 Earth Magic
 * Level 6.9 Invocations


You had 16 spell levels left.
You knew the following spells:

 Your Spells              Type           Power        Failure   Level  Hunger
a - Sandblast             Erth           ######       1%          1    None
b - Passwall              Tmut/Erth      #####...     1%          2    None
c - Stone Arrow           Conj/Erth      #####.       1%          3    None
d - Petrify               Tmut/Erth      #####...     1%          4    ##.....
e - Lee's Rapid Deconstr  Erth           ######....   2%          5    ####...

Your spell library contained the following spells:

 Spells                   Type           Power        Failure   Level  Hunger
 Shock                    Conj/Air       ####         1%          1    None
 Static Discharge         Conj/Air       ####....     3%          3    None
 Swiftness                Chrm/Air       ##......     10%         2    None
 Lightning Bolt           Conj/Air       ####......   34%         5    ####...
 Airstrike                Air            ##........   54%         4    ##.....


Dungeon Overview and Level Annotations

Branches:
Dungeon (10/15)            Temple (1/1) D:5            Lair (1/6) D:10
    Orc (0/2) D:9

Altars:
Ashenzari
Cheibriados
Dithmenos
Elyvilon
Fedhas
Gozag
Hepliaklqana
Kikubaaqudgha
Makhleb
Nemelex Xobeh
Okawaru
Qazlal
Ru
Sif Muna
Trog
Uskayaw
Vehumet
Wu Jian
Xom
Yredelemnul
Zin
The Shining One
Beogh

Shops:
D:5 (   D:9 [

Annotations:
D:2 1 runed door, exclusion: door
D:3 2 transporters, sl00ts's ghost, amateur OgBe
D:7 exclusion: downstairs


Innate Abilities, Weirdness & Mutations

You can breathe bolts of dispelling energy.
Your rich purple scales are hard. (AC +7)
You cannot fit into any form of body armour.
You are cold-blooded and may be slowed by cold attacks.


Message History

Press: ? - help, Shift-Dir - straight line, f - skeletal warrior, p - oklob
Aim: a skeletal warrior, wielding a +2 great sword of flaming (heavily damaged, Fedhas protects your plant from harm.
The stone arrow hits the skeletal warrior.
The skeletal warrior is almost destroyed.
Your oklob plant spits acid at the skeletal warrior.
Fedhas protects your plant from harm.
The splash of acid hits the skeletal warrior.
The skeletal warrior is splashed with acid.
The acid corrodes the skeletal warrior!
The skeletal warrior is destroyed!
In the distance, the volcano erupts with a roar.
You are engulfed in blazing flames.
* * * LOW HITPOINT WARNING * * *
Your plant is engulfed in blazing flames. x3
Your oklob plant is engulfed in blazing flames.
You see here a +1 halberd of flaming.
You walk carefully through the plants.
You are engulfed in blazing flames.
You die...
Fedhas appreciates your contribution to the ecosystem.

§≈§§§≈§≈≈≈§≈≈≈§≈≈≈≈≈≈≈≈≈≈≈§..#.##
.≈§§≈≈§≈≈§§§§§≈≈≈§§§§≈§≈§§....§'.
...≈.≈≈≈§§§§§§≈§§§§§§§≈§≈≈≈....'.
........≈§§§§§§≈≈§§§§≈§≈......≈§.
..§.....§§§§§§§§§§§§§§§......#.##
..§.∩...§§≈§§§§§§§§§§§§§...#####
#.§.....§§§§§§§§§§§§§§§..###
##§.....§§§§§§PP§§§§§§§###
###.....§§§§§P§@.§§§§##
###..§.§§§§###..§###
###...#.....#### ###########


You could see a friendly oklob plant.

Vanquished Creatures
  Gastronok (D:8)
  2 two-headed ogres
  Pikel (D:3)
  Maurice (D:8)
  2 gargoyles (Volcano)
  3 trolls
  2 flying skulls (Volcano)
  A wyvern (D:10)
  2 alligator skeletons (Volcano)
  A hungry ghost (D:9)
  Eustachio (D:5)
  4 hogs (D:8)
  A human (D:8)
  Grum (D:8)
  Edmund (D:4)
  Duvessa (D:7)
  A black bear (D:10)
  3 ice beasts
  2 orc warriors
  A sky beast (D:8)
  10 ogres
  4 wolves
  A centaur (D:7)
  A crocodile (D:7)
  A big kobold (D:7)
  Blork the orc (D:5)
  5 bullfrogs
  A gnoll sergeant (D:8)
  A water moccasin zombie (D:6)
  Dowan (D:7)
  9 killer bees
  3 scorpions
  9 wights (D:10)
  5 howler monkeys
  6 crimson imps
  5 hounds
  A jelly (D:5)
  A gnoll shaman (D:9)
  6 orc priests
  Jessica (D:2)
  2 iguanas (D:6)
  7 orc wizards
  5 worker ants
  Ijyb (D:4)
  2 hound skeletons
  2 howler monkey skeletons
  11 gnolls
  8 adders
  A shadow imp (D:10)
  An ooze (D:3)
  An adder zombie (D:7)
  3 adder skeletons
  3 worms
  A dart slug (D:2)
  4 leopard geckos
  67 orcs
  3 ball pythons
  6 bats
  4 giant cockroaches
  6 goblins
  6 hobgoblins
  8 jackals
  3 quokkas
  A frilled lizard (D:2)
  A jackal skeleton (D:6)
  A jackal zombie (D:5)
  10 kobolds
  A quokka skeleton (D:4)
  8 rats
281 creatures vanquished.

Vanquished Creatures (collateral kills)
  2 skeletal warriors (Volcano)
  4 orc warriors (D:9)
  2 orc priests (D:9)
  A jelly (D:9)
  A gnoll (D:9)
  8 orcs
18 creatures vanquished.

Vanquished Creatures (others)
  An oklob plant (Volcano)
  An orc wizard (D:7)
  A wandering mushroom (D:10)
  129 toadstools
132 creatures vanquished.

Grand Total: 431 creatures vanquished

Notes
Turn   | Place    | Note
-------+----------+-------------------------------------------
     0 | D:1      | HungryMoth the Draconian Earth Elementalist began the quest
                  | for the Orb.
     0 | D:1      | Reached XP level 1. HP: 14/14 MP: 3/3
   504 | D:2      | Reached XP level 2. HP: 20/20 MP: 1/5
   745 | D:1      | Learned a level 2 spell: Passwall
  1241 | D:2      | Reached XP level 3. HP: 26/26 MP: 3/6
  1249 | D:2      | Learned a level 3 spell: Stone Arrow
  1454 | D:2      | Noticed Jessica
  1542 | D:2      | Found a runed door.
  1837 | D:2      | Killed Jessica
  1837 | D:2      | Reached XP level 4. HP: 20/33 MP: 1/8
  1946 | D:3      | Found a faded altar of an unknown god.
  1977 | D:3      | Found a transporter.
  2870 | D:3      | Found a transporter.
  2870 | D:3      | Noticed sl00ts's ghost (amateur OgBe)
  2898 | D:3      | Reached XP level 5. HP: 38/38 MP: 6/10
  3066 | D:3      | Reached skill level 1 in Conjurations
  3187 | D:4      | Found an iron altar of Okawaru.
  3250 | D:4      | Learned a level 4 spell: Petrify
  3272 | D:4      | Noticed a slave
  3272 | D:4      | Noticed a slave
  3272 | D:4      | Noticed a slave
  3272 | D:4      | Noticed an ogre
  3847 | D:4      | Reached XP level 6. HP: 45/45 MP: 2/12
  3852 | D:4      | Noticed Ijyb
  3853 | D:4      | Noticed Edmund
  3895 | D:3      | Reached skill level 5 in Earth Magic
  4111 | D:4      | Killed Ijyb
  4221 | D:4      | Noticed a slave
  4222 | D:4      | Noticed Pikel
  4307 | D:3      | Killed Pikel
  4307 | D:3      | Your scales start taking on a rich purple colour.
  4307 | D:3      | Reached XP level 7. HP: 24/50 MP: 0/14
  4454 | D:4      | Killed Edmund
  4454 | D:4      | Reached skill level 5 in Spellcasting
  4454 | D:4      | Reached XP level 8. HP: 54/57 MP: 0/15
  4659 | D:5      | Entered Level 5 of the Dungeon
  4683 | D:5      | Learned a level 5 spell: Lee's Rapid Deconstruction
  4696 | D:5      | Found a staircase to the Ecumenical Temple.
  4698 | D:5      | Noticed Eustachio
  4699 | D:5      | Noticed Blork the orc
  4730 | D:5      | Killed Eustachio
  4737 | Temple   | Entered the Ecumenical Temple
  4899 | Temple   | Became a worshipper of Fedhas Madash
  4908 | D:5      | Killed Blork the orc
  5233 | D:5      | Found a glowing golden altar of the Shining One.
  5234 | D:5      | Found Odiapt's Antique Weapon Shoppe.
  5573 | D:6      | Reached skill level 1 in Invocations
  5716 | D:6      | Found a sparkling altar of Nemelex Xobeh.
  5878 | D:6      | Reached XP level 9. HP: 54/62 MP: 6/18
  6287 | D:7      | Found a burning altar of Makhleb.
  6567 | D:7      | Noticed a two-headed ogre
  6614 | D:7      | Reached skill level 5 in Conjurations
  6694 | D:7      | Reached skill level 5 in Transmutations
  6712 | D:7      | Reached * piety under Fedhas
  7068 | D:7      | Noticed Duvessa
  7070 | D:7      | Noticed Dowan
  7072 | D:7      | Killed Dowan
  7084 | D:7      | Killed Duvessa
  7475 | D:7      | Killed a two-headed ogre
  7475 | D:7      | Reached XP level 10. HP: 44/69 MP: 6/22
  7615 | D:8      | Noticed Grum
  7771 | D:8      | Killed Grum
  8043 | D:8      | Noticed Gastronok
  8397 | D:8      | Killed Gastronok
  8397 | D:8      | Reached skill level 5 in Invocations
  8411 | D:8      | Noticed Maurice
  8580 | D:8      | Killed Maurice
  8580 | D:8      | Reached skill level 10 in Earth Magic
  8726 | D:8      | Reached skill level 10 in Spellcasting
  8732 | D:8      | Reached ** piety under Fedhas
  8963 | D:8      | Reached XP level 11. HP: 74/74 MP: 18/25
  9224 | D:8      | Found a blossoming altar of Fedhas.
  9431 | D:9      | Found a sacrificial altar of Ru.
  9586 | D:9      | Found a roughly hewn altar of Beogh.
  9586 | D:9      | Found a staircase to the Orcish Mines.
  9875 | D:9      | Found Xoyturi's Armour Emporium.
 10122 | D:9      | Reached *** piety under Fedhas
 10562 | D:10     | Entered Level 10 of the Dungeon
 10621 | D:10     | Noticed a two-headed ogre
 10637 | D:10     | Killed a two-headed ogre
 11220 | D:10     | Found a staircase to the Lair.
 11650 | Lair:1   | Entered Level 1 of the Lair of Beasts
 11691 | Lair:1   | Found a dark tunnel.
 11698 | Volcano  | Entered a volcano
 11775 | Volcano  | Noticed a skeletal warrior
 11836 | Volcano  | Killed a skeletal warrior
 11860 | Volcano  | Noticed a skeletal warrior
 11886 | Volcano  | Killed a skeletal warrior
 11888 | Volcano  | Engulfed by a cloud of flame

Vault maps used:
D:1:      minmay_arrival_widening_spiral_narrow
D:2:      first_ration, minmay_hexomino_u4, uniq_crazy_yiuf_cottage,
          uniq_jessica
D:3:      chequers_ecumenical_altar_grove, gammafunk_ghost_mausoleum
D:4:      okawaru_gym_becter, uniq_edmund, uniq_pikel, uniq_ijyb
D:5:      minmay_temple_entry_ruins, basic_altar, serial_shops, shop,
          uniq_blork_the_orc, uniq_eustachio
D:6:      basic_altar, minmay_manual_mess
D:7:      bloody_makhleb, uniq_duvessa
D:8:      grunt_livestock, fedhas_altar_3, uniq_maurice, uniq_grum,
          uniq_gastronok
D:9:      david_orc_5, special_room, serial_shops, shop,
          nicolae_ru_the_path_less_chosen
D:10:     lair_entry_dummy
Temple:   dpeg_three_leaves_temple
Lair:1:   nicolae_volcano_entry_hallway
Volcano:  volcano_tomb

Skill      XL: |  1  2  3  4  5  6  7  8  9 10 11 |
---------------+----------------------------------+-----
Earth Magic    | 4 6 7 8 9 10 | 10.6
Spellcasting   | 3 4 5 6 8 10 | 10.8
Conjurations   | 1 3 4 5 6 7 |  7.9
Transmutations | 3 4 5 6 7 |  7.6
Invocations    | 1 3 5 6 |  6.9
Dodging        | |  1.7
Stealth        | |  1.7

Action                   |  1- 3 |  4- 6 |  7- 9 | 10-12 || total
-------------------------+-------+-------+-------+-------++-------
Melee: Dagger            |     3 |       |       |       ||     3
       Short sword       |    18 |       |       |       ||    18
       Tailslap          |     3 |     1 |     8 |     5 ||    17
       Falchion          |       |     2 |       |       ||     2
       Whip              |       |    15 |    24 |       ||    39
       Rapier            |       |       |    30 |    34 ||    64
 Cast: Sandblast         |    40 |    72 |    71 |   119 ||   302
       Stone Arrow       |     1 |    24 |    45 |    69 ||   139
       Passwall          |       |     2 |     1 |       ||     3
       Petrify           |       |       |    17 |    13 ||    30
       Lee's Rapid Decon |       |       |    13 |    23 ||    36
Invok: Fungal Bloom      |       |       |     9 |    24 ||    33
       Evolution         |       |       |       |     5 ||     5
       Growth            |       |       |       |     1 ||     1
 Abil: Breathe Dispellin |       |       |       |     2 ||     2
Evoke: Wand              |       |     1 |       |     2 ||     3
  Use: Scroll            |       |       |     7 |     5 ||    12
       Potion            |       |       |       |     3 ||     3
 Stab: Petrified         |       |       |    34 |    14 ||    48
  Eat: Chunk             |     3 |    10 |    17 |    15 ||    45
       Ration            |       |       |       |     1 ||     1
Armor: Skin              |    11 |    21 |    13 |    22 ||    67
Dodge: Dodged            |    23 |    43 |    25 |    59 ||   150
       Rpst.: Falchion   |       |     5 |       |       ||     5

Table legend:
 A = Non-vault XP
 B = Vault XP
 C = Vault XP percentage of total XP
 D = Non-vault monster count
 E = Vault monster count
 F = Vault count percentage of total count
                 A         B        C        D         E       F
            +---------+---------+-------+---------+---------+-------
      Total |    8891 |    9612 |  51.9 |     209 |      91 |  30.3
            +---------+---------+-------+---------+---------+-------
        D:1 |      17 |       0 |   0.0 |      11 |       0 |   0.0
        D:2 |     117 |      46 |  28.2 |      23 |       6 |  20.7
        D:3 |     274 |     629 |  69.7 |      21 |       1 |   4.5
        D:4 |     290 |     191 |  39.7 |      13 |       2 |  13.3
        D:5 |     397 |     290 |  42.2 |      14 |       2 |  12.5
        D:6 |     466 |     330 |  41.5 |      10 |       7 |  41.2
        D:7 |    2334 |     332 |  12.5 |      37 |       3 |   7.5
        D:8 |    1741 |    4202 |  70.7 |      33 |      11 |  25.0
        D:9 |     702 |     909 |  56.4 |      16 |      51 |  76.1
       D:10 |    2463 |       0 |   0.0 |      30 |       0 |   0.0
     Lair:1 |      90 |       0 |   0.0 |       1 |       0 |   0.0
    Volcano |       0 |    2683 | 100.0 |       0 |       8 | 100.0
            +---------+---------+-------+---------+---------+-------
